MLB
SAN DIEGO PADRES @ COLORADO ROCKIES
08/18/2047
 
TOP OF THE 1ST
San Diego Padres batting - Pitching for Colorado Rockies : RHP Jaden Mackey
Pitching: RHP Jaden Mackey
Batting: RHB Dietmar Warmisch 0-0: SINGLE (Groundball, 4D, EV 97.5 MPH)
Batting: SHB Phil Zacharia 0-0: Called Strike
0-1: Fly out, F8 (Line Drive, 8RM, EV 86.9 MPH)
Batting: RHB Sébastien Piat 0-0: Called Strike
0-1: Called Strike
0-2: Fly out, F8 (Flyball, 89M, EV 86.9 MPH)
Batting: LHB Mike Holt 0-0: Foul Ball, location: 2F
0-1: Ball
1-1: Ground out 4-3 (Groundball, 4, EV 80.6 MPH)
Top of the 1st over - 0 runs, 1 hit, 0 errors, 1 left on base; San Diego 0 - Colorado 0
BOTTOM OF THE 1ST
Colorado Rockies batting - Pitching for San Diego Padres : RHP Adam Thompson
Pitching: RHP Adam Thompson
Batting: LHB Freddy Troncoso 0-0: Ball
1-0: Swinging Strike
1-1: Foul Ball, location: 2F
1-2: Ball
2-2: Strikes out swinging, 2-3 out at first.
Batting: SHB Eddie Quinones 0-0: Called Strike
0-1: Ball
1-1: SINGLE (Groundball, 6S, EV 73.1 MPH) (infield hit)
Batting: RHB Joel Haycock 0-0: Foul Ball, location: 2F
0-1: Ball
1-1: Called Strike
1-2: Ball
2-2: Foul Ball, location: 2F
2-2: SINGLE (Groundball, 4MD, EV 99.4 MPH)
Eddie Quinones to second
Batting: RHB Jason Andrews 0-0: Ball
1-0: Fly out, F8 (Flyball, 8RM, EV 90.6 MPH)
Runner from 2nd tags up, OUT at 3rd! 8-5
Bottom of the 1st over - 0 runs, 2 hits, 0 errors, 1 left on base; San Diego 0 - Colorado 0
TOP OF THE 2ND
San Diego Padres batting - Pitching for Colorado Rockies : RHP Jaden Mackey
Batting: RHB Jorge Severiano 0-0: Ball
1-0: Fly out, F7 (Flyball, 78XD, EV 103.8 MPH)
Batting: RHB Manny Vergara 0-0: Ball
1-0: Ball
2-0: Called Strike
2-1: Foul Ball, location: 2F
2-2: SOLO HOME RUN (Flyball, 7LD, EV 96.2 MPH), Distance : 375 ft
Batting: LHB Aaron LeBlanc 0-0: Ball
1-0: Ball
2-0: Ball
3-0: Base on Balls
Batting: RHB Chiel Palstermans 0-0: Ball
1-0: Called Strike
1-1: Ball
2-1: Foul Ball, location: 2F
2-2: Strikes out swinging
Batting: SHB Quido van Erp 0-0: Fly out, F8 (Flyball, 8RM, EV 83.8 MPH)
Top of the 2nd over - 1 run, 1 hit, 0 errors, 1 left on base; San Diego 1 - Colorado 0
BOTTOM OF THE 2ND
Colorado Rockies batting - Pitching for San Diego Padres : RHP Adam Thompson
Batting: LHB Shawn Morrison 0-0: SINGLE (Flyball, 89S, EV 98.1 MPH)
Batting: SHB Chris Blue 0-0: Ball
1-0: SINGLE (Groundball, 4MD, EV 101.9 MPH)
Shawn Morrison to second
Runner from 2nd tries for 3rd, SAFE, no throw by CF
Batting: RHB Henry Alvizo 0-0: Ball
1-0: Called Strike
1-1: Swinging Strike
1-2: Ball
2-2: Strikes out swinging
Batting: SHB Jon Munoz 0-0: Called Strike
0-1: Ball
1-1: Ball
2-1: Swinging Strike
2-2: Ball
3-2: DOUBLE (Flyball, 8LXD, EV 114.4 MPH)
Shawn Morrison scores
Chris Blue to third
Batting: RHB Eduardo Camacho 0-0: Ground out 4-3 (Groundball, 4, EV 85.0 MPH)
Chris Blue scores
Jon Munoz to third
Batting: LHB Freddy Troncoso 0-0: Ball
1-0: Called Strike
1-1: Swinging Strike
1-2: Ball
2-2: Ball
3-2: 2-RUN HOME RUN (Flyball, 78XD, EV 101.9 MPH), Distance : 409 ft
Batting: SHB Eddie Quinones 0-0: Ball
1-0: Ball
2-0: SINGLE (Line Drive, 6D, EV 101.9 MPH)
Batting: RHB Joel Haycock 0-0: Swinging Strike
0-1: SINGLE (Groundball, 6MD, EV 102.5 MPH)
Eddie Quinones to second
Runner from 2nd tries for 3rd, SAFE, throw by CF made to third
Batting: RHB Jason Andrews 0-0: Ball
1-0: Called Strike
1-1: Foul Ball, location: 2F
1-2: Fly out, F9 (Flyball, 89D, EV 95.0 MPH)
Bottom of the 2nd over - 4 runs, 6 hits, 0 errors, 2 left on base; San Diego 1 - Colorado 4
TOP OF THE 3RD
San Diego Padres batting - Pitching for Colorado Rockies : RHP Jaden Mackey
Batting: RHB Dietmar Warmisch 0-0: Called Strike
0-1: Foul Ball, location: 2F
0-2: Ball
1-2: DOUBLE (Line Drive, 9LM, EV 103.1 MPH)
Batting: SHB Phil Zacharia 0-0: Called Strike
0-1: 2-RUN HOME RUN (Flyball, 89XD, EV 105.0 MPH), Distance : 424 ft
Batting: RHB Sébastien Piat 0-0: Foul Ball, location: 2F
0-1: Foul Ball, location: 2F
0-2: Strikes out looking
Batting: LHB Mike Holt 0-0: DOUBLE (Flyball, 8RXD, EV 100.6 MPH)
Batting: RHB Jorge Severiano 0-0: Ball
1-0: Ball
2-0: Ball
Passed Ball!
Mike Holt to third
3-0: Called Strike
3-1: Base on Balls
Batting: RHB Manny Vergara 0-0: Foul Ball, location: 2F
0-1: SINGLE (Line Drive, 4MD, EV 98.8 MPH)
Mike Holt scores
Jorge Severiano to second
Runner from 2nd tries for 3rd, OUT! 8-5
Batting: LHB Aaron LeBlanc 0-0: Ground out 4-3 (Groundball, 34, EV 91.2 MPH)
Top of the 3rd over - 3 runs, 4 hits, 0 errors, 1 left on base; San Diego 4 - Colorado 4
BOTTOM OF THE 3RD
Colorado Rockies batting - Pitching for San Diego Padres : RHP Adam Thompson
Now in CF: Ryan Flynn Jr.
Now in RF: Mike Holt
Batting: LHB Shawn Morrison 0-0: Foul Ball, location: 2F
0-1: Ball
1-1: SINGLE (Groundball, 4MD, EV 98.8 MPH)
Batting: SHB Chris Blue 0-0: Ball
1-0: Foul Ball, location: 2F
1-1: Ball
2-1: 2-RUN HOME RUN (Flyball, 89XD, EV 109.4 MPH), Distance : 411 ft
Batting: RHB Henry Alvizo 0-0: Ball
1-0: Foul Ball, location: 2F
1-1: Ball
2-1: Ground out U3 (Groundball, 3, EV 100.0 MPH)
Batting: SHB Jon Munoz 0-0: Called Strike
0-1: Called Strike
0-2: Ball
1-2: Strikes out swinging
Batting: RHB Eduardo Camacho 0-0: Foul Ball, location: 2F
0-1: SINGLE (Line Drive, 3D, EV 96.2 MPH)
Pitching: RHP Bryan Hallman
Batting: LHB Freddy Troncoso 0-0: Called Strike
0-1: Ball
1-1: Called Strike
1-2: Ground out 5-3 (Groundball, 15, EV 84.4 MPH)
Bottom of the 3rd over - 2 runs, 3 hits, 0 errors, 1 left on base; San Diego 4 - Colorado 6
TOP OF THE 4TH
San Diego Padres batting - Pitching for Colorado Rockies : RHP Jaden Mackey
Batting: RHB Chiel Palstermans 0-0: Swinging Strike
0-1: Swinging Strike
0-2: DOUBLE (Flyball, 78XD, EV 96.2 MPH)
Batting: SHB Quido van Erp 0-0: Ball
1-0: Ball
2-0: Fly out, F3 (Popup, 3SF, EV 76.2 MPH)
Batting: RHB Dietmar Warmisch 0-0: Called Strike
0-1: Swinging Strike
0-2: Foul Ball, location: 2F
0-2: Ball
1-2: Ball
2-2: Ground out 6-3 (Groundball, 6, EV 90.0 MPH)
Chiel Palstermans to third
Batting: SHB Phil Zacharia 0-0: Ball
1-0: Ball
2-0: Swinging Strike
2-1: Ball
3-1: Swinging Strike
3-2: Strikes out swinging
Top of the 4th over - 0 runs, 1 hit, 0 errors, 1 left on base; San Diego 4 - Colorado 6
BOTTOM OF THE 4TH
Colorado Rockies batting - Pitching for San Diego Padres : RHP Bryan Hallman
Batting: SHB Eddie Quinones 0-0: Ball
1-0: Called Strike
1-1: Foul Ball, location: 2F
1-2: Foul Ball, location: 2F
1-2: Ground out U3 (Groundball, 34S, EV 80.6 MPH)
Batting: RHB Joel Haycock 0-0: Ball
1-0: Ball
2-0: Ball
3-0: Called Strike
3-1: Foul Ball, location: 2F
3-2: Foul Ball, location: 2F
3-2: Ground out 1-3 (Groundball, 15, EV 71.9 MPH)
Batting: RHB Jason Andrews 0-0: Ball
1-0: Ground out 6-3 (Groundball, 6, EV 101.2 MPH)
Bottom of the 4th over - 0 runs, 0 hits, 0 errors, 0 left on base; San Diego 4 - Colorado 6
TOP OF THE 5TH
San Diego Padres batting - Pitching for Colorado Rockies : RHP Jaden Mackey
Batting: RHB Sébastien Piat 0-0: Ball
1-0: Ball
2-0: Ball
3-0: Swinging Strike
3-1: Fly out, F9 (Flyball, 9, EV 88.8 MPH)
Batting: LHB Mike Holt 0-0: Foul Ball, location: 2F
0-1: Ball
1-1: Ball
2-1: Hit by Pitch
Batting: LHB Ryan Flynn Jr. 0-0: Fly out, F8 (Line Drive, 8RM, EV 108.1 MPH)
Batting: RHB Manny Vergara 0-0: Ball
1-0: Called Strike
1-1: Fly out, F9 (Line Drive, 89M, EV 92.5 MPH)
Top of the 5th over - 0 runs, 0 hits, 0 errors, 1 left on base; San Diego 4 - Colorado 6
BOTTOM OF THE 5TH
Colorado Rockies batting - Pitching for San Diego Padres : RHP Bryan Hallman
Batting: LHB Shawn Morrison 0-0: DOUBLE (Line Drive, 9LD, EV 114.4 MPH)
Pinch Runner at 2nd Robert Watson:
Batting: SHB Chris Blue 0-0: Ball
1-0: Foul Ball, location: 2F
1-1: TRIPLE (Line Drive, 89XD, EV 100.6 MPH)
Robert Watson scores
Batting: RHB Henry Alvizo 0-0: Reached via error on a dropped throw from 1B, E1 (Groundball, 13, EV 89.4 MPH)
Chris Blue scores
Batting: SHB Jon Munoz 0-0: Ball
Henry Alvizo steals 2nd base (no throw)
1-0: Sac Bunt to 15 - play at first, batter OUT! 1-3
Henry Alvizo to third
Batting: RHB Eduardo Camacho 0-0: Ball
1-0: Called Strike
1-1: Foul Ball, location: 2F
1-2: Strikes out swinging
Batting: LHB Freddy Troncoso 0-0: Called Strike
0-1: Foul Ball, location: 2F
0-2: Ball
1-2: Foul Ball, location: 2F
1-2: Ball
Wild Pitch!
Henry Alvizo scores
2-2: Strikes out looking
Bottom of the 5th over - 3 runs, 2 hits, 1 error, 0 left on base; San Diego 4 - Colorado 9
TOP OF THE 6TH
San Diego Padres batting - Pitching for Colorado Rockies : RHP Jaden Mackey
Now in CF: Freddy Troncoso
Now in RF: Robert Watson
Batting: LHB Aaron LeBlanc 0-0: Swinging Strike
0-1: Foul Ball, location: 2F
0-2: Strikes out swinging
Batting: RHB Chiel Palstermans 0-0: SINGLE (Line Drive, 7LS, EV 107.5 MPH)
Batting: SHB Quido van Erp 0-0: Ball
1-0: Ball
2-0: Called Strike
2-1: Called Strike
2-2: Ball
3-2: Fly out, F9 (Line Drive, 9LM, EV 92.5 MPH)
Batting: RHB Dietmar Warmisch 0-0: Swinging Strike
0-1: Swinging Strike
0-2: Strikes out looking
Top of the 6th over - 0 runs, 1 hit, 0 errors, 1 left on base; San Diego 4 - Colorado 9
BOTTOM OF THE 6TH
Colorado Rockies batting - Pitching for San Diego Padres : RHP Bryan Hallman
Batting: SHB Eddie Quinones 0-0: Called Strike
0-1: Ball
1-1: Ball
2-1: Ball
3-1: Base on Balls
Batting: RHB Joel Haycock 0-0: Ball
1-0: Ball
2-0: Called Strike
2-1: SINGLE (Groundball, 56D, EV 97.5 MPH)
Eddie Quinones to second
Pitching: LHP Ryan Tatum
Batting: RHB Jason Andrews 0-0: Swinging Strike
0-1: Fly out, F7 (Flyball, 78M, EV 80.0 MPH)
Batting: LHB Robert Watson 0-0: Foul Ball, location: 2F
0-1: Ball
1-1: Ball
2-1: SINGLE (Flyball, 8LS, EV 85.0 MPH)
Eddie Quinones to third
Joel Haycock to second
Batting: SHB Chris Blue 0-0: Called Strike
0-1: Called Strike
0-2: Foul Ball, location: 2F
0-2: Ball
1-2: Ball
2-2: Strikes out swinging
Batting: RHB Henry Alvizo 0-0: Called Strike
0-1: DOUBLE (Flyball, 89XD, EV 106.9 MPH)
Eddie Quinones scores
Joel Haycock scores
Robert Watson to third
Runner from 3rd tries for Home, SAFE, no throw by RF
Batting: SHB Jon Munoz 0-0: Ball
1-0: Ball
2-0: Ground out 6-3 (Groundball, 4M, EV 78.8 MPH)
Bottom of the 6th over - 3 runs, 3 hits, 0 errors, 1 left on base; San Diego 4 - Colorado 12
TOP OF THE 7TH
San Diego Padres batting - Pitching for Colorado Rockies : RHP Jaden Mackey
Batting: SHB Phil Zacharia 0-0: Called Strike
0-1: Fly out, F9 (Flyball, BS8, EV 103.1 MPH)
Batting: RHB Sébastien Piat 0-0: Called Strike
0-1: Ball
1-1: Fly out, F8 (Flyball, 89D, EV 86.2 MPH)
Batting: LHB Mike Holt 0-0: Ball
1-0: Foul Ball, location: 2F
1-1: Called Strike
1-2: Ball
2-2: Strikes out looking
Top of the 7th over - 0 runs, 0 hits, 0 errors, 0 left on base; San Diego 4 - Colorado 12
BOTTOM OF THE 7TH
Colorado Rockies batting - Pitching for San Diego Padres : LHP Ryan Tatum
Batting: RHB Eduardo Camacho 0-0: Called Strike
0-1: Ball
1-1: Foul Ball, location: 2F
1-2: Ball
2-2: Strikes out swinging
Batting: LHB Freddy Troncoso 0-0: Called Strike
0-1: TRIPLE (Line Drive, 7D, EV 103.1 MPH)
Batting: SHB Eddie Quinones 0-0: Ball
1-0: Ball
2-0: Ground out 5-3 (Groundball, 56S, EV 79.4 MPH)
Freddy Troncoso scores
Batting: RHB Joel Haycock 0-0: Swinging Strike
0-1: Called Strike
0-2: Ball
1-2: Ground out 6-3 (Groundball, 6, EV 87.5 MPH)
Bottom of the 7th over - 1 run, 1 hit, 0 errors, 0 left on base; San Diego 4 - Colorado 13
TOP OF THE 8TH
San Diego Padres batting - Pitching for Colorado Rockies : RHP Jaden Mackey
Pitching: LHP Bill Ogren
Batting: LHB Ryan Flynn Jr. 0-0: Called Strike
0-1: Ball
1-1: Foul Ball, location: 2F
1-2: Ball
2-2: Ground out U3 (Groundball, 34, EV 108.1 MPH)
Batting: RHB Manny Vergara 0-0: Ball
1-0: Swinging Strike
1-1: Foul Ball, location: 2F
1-2: Ball
2-2: Ball
3-2: Base on Balls
Batting: LHB Aaron LeBlanc 0-0: Foul Ball, location: 2F
0-1: Swinging Strike
0-2: Strikes out swinging
Batting: RHB Chiel Palstermans 0-0: Swinging Strike
0-1: Ball
1-1: Ball
2-1: SINGLE (Groundball, 4MD, EV 98.1 MPH)
Manny Vergara to second
Batting: SHB Quido van Erp 0-0: Ball
1-0: Ball
2-0: Ball
3-0: Base on Balls
Manny Vergara to third
Chiel Palstermans to second
Batting: RHB Dietmar Warmisch 0-0: Swinging Strike
0-1: Ball
1-1: Ball
2-1: Foul Ball, location: 2F
2-2: Ball
3-2: Foul Ball, location: 2F
3-2: Fly out, F5 (Popup, 25F, EV 90.0 MPH)
Top of the 8th over - 0 runs, 1 hit, 0 errors, 3 left on base; San Diego 4 - Colorado 13
BOTTOM OF THE 8TH
Colorado Rockies batting - Pitching for San Diego Padres : LHP Ryan Tatum
Batting: RHB Jason Andrews 0-0: Ball
1-0: Called Strike
1-1: Called Strike
1-2: Strikes out swinging
Batting: LHB Robert Watson 0-0: Ball
1-0: Ball
2-0: Foul Ball, location: 2F
2-1: Swinging Strike
2-2: Foul Ball, location: 2F
2-2: SINGLE (Line Drive, 7S, EV 101.2 MPH)
Pitching: LHP Yuri Thra
Batting: SHB Chris Blue 0-0: Ball
1-0: Ball
2-0: Ball
3-0: Base on Balls
Robert Watson to second
Batting: RHB Henry Alvizo 0-0: Fly out, F7 (Flyball, BS1, EV 90.6 MPH)
Batting: SHB Jon Munoz 0-0: Swinging Strike
0-1: Ball
1-1: SINGLE (Groundball, 34D, EV 95.6 MPH)
Robert Watson to third
Chris Blue to second
Runner from 3rd tries for Home, SAFE, throw by RF to home
Batting: RHB Eduardo Camacho 0-0: Ball
1-0: Ball
2-0: Ball
3-0: Base on Balls
Chris Blue to third
Jon Munoz to second
Batting: LHB Freddy Troncoso 0-0: Foul Ball, location: 2F
0-1: Ground out U3 (Groundball, 3, EV 86.9 MPH)
Bottom of the 8th over - 1 run, 2 hits, 0 errors, 3 left on base; San Diego 4 - Colorado 14
TOP OF THE 9TH
San Diego Padres batting - Pitching for Colorado Rockies : LHP Bill Ogren
Batting: SHB Phil Zacharia 0-0: Called Strike
0-1: Swinging Strike
0-2: Ball
1-2: Ball
2-2: Ball
3-2: Strikes out swinging
Batting: RHB Sébastien Piat 0-0: Foul Ball, location: 2F
0-1: Ground out U3 (Groundball, 3, EV 81.2 MPH)
DELAY Rain delay of 30 minutes in the 9th inning.
Pitching: RHP Victor Walshe
Batting: LHB Mike Holt 0-0: Called Strike
0-1: SOLO HOME RUN (Flyball, 9LD, EV 96.9 MPH), Distance : 361 ft
Batting: LHB Ryan Flynn Jr. 0-0: Ball
1-0: Called Strike
1-1: Swinging Strike
1-2: Ball
2-2: Ball
3-2: Strikes out swinging
Top of the 9th over - 1 run, 1 hit, 0 errors, 0 left on base; San Diego 5 - Colorado 14
Thursday, December 15th , 2022 - OOTP Baseball 23.9 Build 102